[Event "FIDE World Junior U20-ch Girls 2025"]
[Site "Petrovac"]
[Date "2025.02.28"]
[Round "4.37"]
[White "Ostensson, Julia"]
[Black "Romany, Joy"]
[Result "1-0"]
[Annotator "NA"]
[ECO "B28"]
[WhiteElo "1979"]
[BlackElo "2025"]
[PlyCount "83"]
[EventDate "2025.02.23"]
[EventType "swiss"]
[EventCountry "MNE"]
[SourceTitle "playchess.com"]
[Source "ChessBase"]
[SourceQuality "1"]
[TimeControl "40/5400+30:1800+30"]

1. e4 c5 2. Nf3 a6 3. c3 d5 4. exd5 Qxd5 5. d4 e6 6. Be2 Nf6 7. O-O cxd4 8. cxd4 Nc6 9. Nc3 Qd8 10. Qb3 Be7 11. a3 O-O 12. Rd1 Nd5 13. Ne5 Na5 14. Qc2 f6 15. Nc4 Nxc4 16. Bxc4 b5 17. Nxd5 exd5 18. Bd3 f5 19. Bf4 Bd7 20. Qb3 Bc6 21. Rac1 Qd7 22. Be5 Rac8 23. Re1 Bb7 24. Rc2 f4 25. Rxc8 Qxc8 26. Bxg7 Rf7 27. Be5 f3 28. gxf3 Qh3 29. Bg3 h5 30. Bf1 Qf5 31. Qd3 Qf6 32. Bh3 Rg7 33. Kh1 Qg5 34. Be5 Rg6 35. f4 Qh6 36. Bf5 Rc6 37. Rg1+ Kf7 38. Qg3 Bf8 39. Qg8+ Ke7 40. Re1 Kd8 41. Qf7 Be7 42. Rg1 1-0

[Event "FIDE World Junior U20-ch Girls 2025"]
[Site "Petrovac"]
[Date "2025.02.28"]
[Round "4.38"]
[White "Zito, Enrica"]
[Black "Blokhin, Sofia"]
[Result "0-1"]
[Annotator "NA"]
[ECO "B76"]
[WhiteElo "1941"]
[BlackElo "2020"]
[PlyCount "78"]
[EventDate "2025.02.23"]
[EventType "swiss"]
[EventCountry "MNE"]
[SourceTitle "playchess.com"]
[Source "ChessBase"]
[SourceQuality "1"]
[TimeControl "40/5400+30:1800+30"]

1. e4 c5 2. Nf3 d6 3. d4 cxd4 4. Nxd4 Nf6 5. Nc3 g6 6. Be3 Bg7 7. f3 Nc6 8. Qd2 O-O 9. O-O-O d5 10. exd5 Nxd5 11. Nxc6 bxc6 12. Bd4 e5 13. Bc5 Be6 14. Ne4 f5 15. Bxf8 Qxf8 16. Ng5 Bh6 17. Kb1 Rb8 18. Ka1 Bxg5 19. Qxg5 Qb4 20. b3 Kg7 21. Bc4 Qc3+ 22. Kb1 Qxc4 23. Rd3 Qc5 24. h4 Nb4 25. Rd2 h6 26. Qg3 f4 27. Qe1 Bf5 28. Qe2 Qc3 29. Re1 Rd8 30. Red1 Nd5 31. Rd3 Bxd3 32. Rxd3 Kf6 33. h5 Qb4 34. Kb2 Rg8 35. a3 Qe7 36. c4 Ne3 37. Qd2 Ke6 38. g4 gxh5 39. Qh2 h4 0-1

[Event "FIDE World Junior U20-ch Girls 2025"]
[Site "Petrovac"]
[Date "2025.02.28"]
[Round "4.39"]
[White "Zeliantsova, Kseniya"]
[Black "Hernandez, Lexie Grace"]
[Result "1-0"]
[Annotator "NA"]
[ECO "B11"]
[WhiteElo "1999"]
[BlackElo "1892"]
[PlyCount "91"]
[EventDate "2025.02.23"]
[EventType "swiss"]
[EventCountry "MNE"]
[SourceTitle "playchess.com"]
[Source "ChessBase"]
[SourceQuality "1"]
[TimeControl "40/5400+30:1800+30"]

1. e4 c6 2. Nc3 d5 3. Nf3 Bg4 4. h3 Bxf3 5. Qxf3 e6 6. d3 d4 7. Nb1 c5 8. g3 Nc6 9. Bg2 Bd6 10. O-O Nge7 11. Qe2 Qd7 12. Nd2 O-O 13. f4 f6 14. a4 Rae8 15. Nc4 Bc7 16. g4 b6 17. f5 a6 18. Bf4 Bxf4 19. Rxf4 b5 20. axb5 axb5 21. Nd2 Nb4 22. Nb3 exf5 23. gxf5 Ned5 24. Rf2 Qd6 25. Ra7 Ne3 26. c3 Nc6 27. Ra6 Ra8 28. e5 Qxe5 29. Rxc6 c4 30. cxd4 Qg3 31. dxc4 bxc4 32. Nd2 Ra1+ 33. Nf1 Qg5 34. Re6 Nxg2 35. Rxg2 Qxf5 36. Re7 g6 37. Qe6+ Qxe6 38. Rxe6 Rd8 39. Rd2 Kf7 40. Rc6 Rc1 41. Kf2 Rd5 42. Ne3 Rh5 43. d5 Rxh3 44. d6 f5 45. d7 f4 46. Ng2 1-0

[Event "FIDE World Junior U20-ch Girls 2025"]
[Site "Petrovac"]
[Date "2025.02.28"]
[Round "4.40"]
[White "Morales Perez, Ghisell"]
[Black "Zelbova, Lada"]
[Result "1-0"]
[Annotator "NA"]
[ECO "B90"]
[WhiteElo "1902"]
[BlackElo "1994"]
[PlyCount "58"]
[EventDate "2025.02.23"]
[EventType "swiss"]
[EventCountry "MNE"]
[SourceTitle "playchess.com"]
[Source "ChessBase"]
[SourceQuality "1"]
[TimeControl "40/5400+30:1800+30"]

1. e4 c5 2. Nf3 d6 3. d4 cxd4 4. Nxd4 Nf6 5. Nc3 a6 6. Qd3 e5 7. Nf5 Bxf5 8. exf5 h6 9. Be3 d5 10. O-O-O d4 11. f4 Be7 12. fxe5 dxc3 13. Qxc3 Nd5 14. Qb3 Bg5 15. Bxg5 Qxg5+ 16. Rd2 Nc6 17. Qxb7 O-O 18. Qxc6 Rfd8 19. Bd3 Rac8 20. Qa4 Nb6 21. Qe4 Nc4 22. Rhd1 Nxd2 23. Rxd2 Rc5 24. h4 Qg3 25. f6 g6 26. e6 Re5 27. e7 Rb8 28. Qd4 Kh7 29. c3 a5 1-0

[Event "FIDE World Junior U20-ch Girls 2025"]
[Site "Petrovac"]
[Date "2025.02.28"]
[Round "4.41"]
[White "Djendjinovic, Ines"]
[Black "Beber, Anja"]
[Result "0-1"]
[Annotator "NA"]
[ECO "B07"]
[WhiteElo "1841"]
[BlackElo "1988"]
[PlyCount "90"]
[EventDate "2025.02.23"]
[EventType "swiss"]
[EventCountry "MNE"]
[SourceTitle "playchess.com"]
[Source "ChessBase"]
[SourceQuality "1"]
[TimeControl "40/5400+30:1800+30"]

1. d4 g6 2. e4 Bg7 3. Nf3 d6 4. c3 Nd7 5. Bd3 e5 6. O-O Ngf6 7. Re1 O-O 8. h3 Re8 9. Nbd2 c6 10. a4 Qc7 11. dxe5 dxe5 12. Nf1 Nc5 13. Bc2 b6 14. Ng3 Rd8 15. Bd2 Ba6 16. b4 Ne6 17. Qc1 Bc4 18. Bb1 Rd7 19. Ba2 Bxa2 20. Rxa2 Rad8 21. Rc2 c5 22. Be3 Rc8 23. b5 Rcd8 24. Rd2 c4 25. Red1 Nf4 26. Rxd7 Rxd7 27. Rxd7 Nxd7 28. Ne1 h5 29. Qd1 Nc5 30. Bxc5 Qxc5 31. Qc2 Bh6 32. Ne2 Qa3 33. Nxf4 exf4 34. Nf3 Bg7 35. Nd2 Qc5 36. Nb1 Bf8 37. Qd2 Qe5 38. Qd5 Qf6 39. Qxc4 f3 40. g3 Qg5 41. Qf1 h4 42. Kh2 hxg3+ 43. fxg3 Qe3 44. Qg1 Qe2+ 45. Kh1 f2 0-1

[Event "FIDE World Junior U20-ch Girls 2025"]
[Site "Petrovac"]
[Date "2025.02.28"]
[Round "4.42"]
[White "Ajradinoska, Indzi"]
[Black "Radenkovic, Mila"]
[Result "0-1"]
[Annotator "ChessBase"]
[ECO "A88"]
[WhiteElo "1761"]
[BlackElo "2027"]
[PlyCount "148"]
[EventDate "2025.02.23"]
[EventType "swiss"]
[EventCountry "MNE"]
[SourceTitle "playchess.com"]
[Source "ChessBase"]
[SourceQuality "1"]
[TimeControl "40/5400+30:1800+30"]

1. d4 f5 2. Nf3 Nf6 3. g3 g6 4. Bg2 Bg7 5. O-O O-O 6. c4 d6 7. Nc3 c6 8. Re1 Na6 9. e4 h6 10. e5 dxe5 11. Nxe5 Kh7 12. Be3 Nd7 13. Nf3 Re8 14. Qc2 e5 15. dxe5 Nxe5 16. Rad1 Qc7 17. Bf4 Nxf3+ 18. Bxf3 Qf7 19. Rxe8 Qxe8 20. a3 Be6 21. Re1 Qf7 22. b3 Re8 23. Rd1 Qf6 24. Ne2 Rd8 25. Rxd8 Qxd8 26. Bd2 Nc5 27. Bc3 Qd3 28. Qxd3 Nxd3 29. Bxg7 Kxg7 30. Nd4 Kf6 31. Be2 Nc1 32. Bd1 Ke5 33. Nxe6 Kxe6 34. f4 a5 35. Kf2 Nd3+ 36. Ke3 Nc5 37. Bc2 Kd6 38. Kd4 Ne6+ 39. Kc3 Ng7 40. Kd4 b6 41. b4 axb4 42. axb4 c5+ 43. Kc3 Ne8 44. h3 Nf6 45. g4 fxg4 46. hxg4 g5 47. fxg5 hxg5 48. Bf5 Ke5 49. bxc5 bxc5 50. Kb3 Kd4 51. Be6 Ke5 52. Bc8 Kd4 53. Be6 Ne4 54. Ka4 Nd6 55. Kb3 Ke5 56. Bd5 Ne8 57. Bb7 Nd6 58. Bd5 Ne8 59. Bb7 Nf6 60. Bc8 Ne4 61. Bd7 Kd4 62. Be6 Nd2+ 63. Kc2 Nxc4 64. Kb3 Ne3 65. Kb2 Kd3 66. Kc1 c4 67. Bf5+ Kd4 68. Be6 c3 69. Bf5 Nxf5 70. gxf5 Ke5 71. Kc2 Kxf5 72. Kxc3 Kf4 73. Kd2 Kf3 74. Ke1 Kg2 0-1

[Event "FIDE World Junior U20-ch Girls 2025"]
[Site "Petrovac"]
[Date "2025.02.28"]
[Round "4.43"]
[White "Popovic, Mateja"]
[Black "Shuqja, Klean"]
[Result "1/2-1/2"]
[Annotator "NA"]
[ECO "D30"]
[WhiteElo "1917"]
[BlackElo "2049"]
[PlyCount "97"]
[EventDate "2025.02.23"]
[EventType "swiss"]
[EventCountry "MNE"]
[SourceTitle "playchess.com"]
[Source "ChessBase"]
[SourceQuality "1"]
[TimeControl "40/5400+30:1800+30"]

1. d4 Nf6 2. c4 e6 3. Nf3 d5 4. Bg5 h6 5. Bh4 Be7 6. Nc3 Nbd7 7. e3 c6 8. cxd5 exd5 9. Bd3 O-O 10. O-O b6 11. a3 c5 12. dxc5 bxc5 13. Rc1 Bb7 14. Bb1 Rc8 15. Qd3 Qb6 16. Rfd1 Rfd8 17. Qc2 d4 18. Na4 Qb5 19. b3 Bd5 20. Nc3 Qxb3 21. Nxd5 Qxd5 22. Bxf6 Nxf6 23. exd4 c4 24. Qc3 Qb5 25. Nd2 Qa4 26. Nxc4 Bxa3 27. Qxa3 Rxc4 28. Qxa4 Rxa4 29. d5 g6 30. f3 Rxd5 31. Rc8+ Kg7 32. Rdc1 Ra1 33. R8c2 a5 34. Ba2 Rxc1+ 35. Rxc1 Rd2 36. Bc4 Nd7 37. Ra1 Nb6 38. Bb5 Rd5 39. Rxa5 Rc5 40. Kf2 Nc4 41. Ra4 Nb2 42. Rb4 Nd1+ 43. Ke1 Ne3 44. Kf2 Nd1+ 45. Ke1 Ne3 46. Kf2 Nd5 47. Rb2 Nc3 48. Be2 Nxe2 49. Rxe2 1/2-1/2

[Event "FIDE World Junior U20-ch Girls 2025"]
[Site "Petrovac"]
[Date "2025.02.28"]
[Round "4.44"]
[White "Popova, Kira"]
[Black "Li, Anna Sofie"]
[Result "0-1"]
[Annotator "NA"]
[ECO "C89"]
[WhiteElo "1534"]
[BlackElo "2016"]
[PlyCount "38"]
[EventDate "2025.02.23"]
[EventType "swiss"]
[EventCountry "MNE"]
[SourceTitle "playchess.com"]
[Source "ChessBase"]
[SourceQuality "1"]
[TimeControl "40/5400+30:1800+30"]

1. e4 e5 2. Nf3 Nc6 3. Bb5 a6 4. Ba4 Nf6 5. O-O Be7 6. Re1 b5 7. Bb3 O-O 8. c3 d5 9. exd5 Nxd5 10. Nxe5 Nxe5 11. Rxe5 c6 12. d4 Bd6 13. Re1 Qh4 14. h3 Bxh3 15. Bxd5 cxd5 16. gxh3 Qxh3 17. f4 Rae8 18. Na3 Qg3+ 19. Kh1 Rxe1+ 0-1

[Event "FIDE World Junior U20-ch Girls 2025"]
[Site "Petrovac"]
[Date "2025.02.28"]
[Round "4.45"]
[White "Hernandez Diaz, Paula Sofia"]
[Black "Xu, Luna Yuexiu"]
[Result "1-0"]
[Annotator "NA"]
[ECO "E04"]
[WhiteElo "1972"]
[BlackElo "1903"]
[PlyCount "89"]
[EventDate "2025.02.23"]
[EventType "swiss"]
[EventCountry "MNE"]
[SourceTitle "playchess.com"]
[Source "ChessBase"]
[SourceQuality "1"]
[TimeControl "40/5400+30:1800+30"]

1. d4 d5 2. c4 e6 3. Nf3 Nf6 4. g3 dxc4 5. Bg2 a6 6. O-O Be7 7. a4 Bd7 8. Qc2 Bc6 9. Qxc4 Bd5 10. Qc3 O-O 11. Bf4 Nc6 12. Nbd2 Bb4 13. Qc2 Bxd2 14. Qxd2 Bxf3 15. Bxf3 Qxd4 16. Bxc6 Qxd2 17. Bxd2 bxc6 18. Rfc1 Rab8 19. Rab1 Nd5 20. Rxc6 Rb6 21. Rc4 Rfb8 22. b4 f5 23. f3 R6b7 24. e4 Nb6 25. Rc6 Nxa4 26. Rxa6 Nb6 27. Bc3 Ra8 28. Rxa8+ Nxa8 29. Rd1 Nb6 30. Rd8+ Kf7 31. Rh8 Kg6 32. h4 Na4 33. h5+ Kf7 34. Be5 c6 35. h6 Kg6 36. hxg7 Rxg7 37. Bxg7 Kxg7 38. Rc8 c5 39. bxc5 Kf6 40. c6 Ke7 41. Ra8 Nb6 42. Rb8 Nc4 43. c7 Nd6 44. c8=Q Nxc8 45. Rxc8 1-0

[Event "FIDE World Junior U20-ch Girls 2025"]
[Site "Petrovac"]
[Date "2025.02.28"]
[Round "4.46"]
[White "Djukic, Katarina"]
[Black "Sovetbekova, Nurai"]
[Result "1/2-1/2"]
[Annotator "NA"]
[ECO "B90"]
[WhiteElo "1786"]
[BlackElo "1940"]
[PlyCount "58"]
[EventDate "2025.02.23"]
[EventType "swiss"]
[EventCountry "MNE"]
[SourceTitle "playchess.com"]
[Source "ChessBase"]
[SourceQuality "1"]
[TimeControl "40/5400+30:1800+30"]

1. e4 c5 2. Nf3 d6 3. d4 cxd4 4. Nxd4 Nf6 5. Nc3 a6 6. h3 g6 7. Be3 Bg7 8. Qd2 Nbd7 9. f3 b5 10. a4 bxa4 11. Rxa4 Bb7 12. Rb4 Rb8 13. Be2 h5 14. Nb3 Qc7 15. O-O O-O 16. Ra1 Bc8 17. Rxb8 Nxb8 18. Bh6 Be6 19. Bxg7 Kxg7 20. Qe3 Bc4 21. Bxc4 Qxc4 22. Na5 Qb4 23. b3 Rc8 24. Nc4 Nbd7 25. Rxa6 Ne5 26. Ra4 Nxc4 27. bxc4 Qb2 28. Ra2 Qb4 29. Ra4 Qb2 1/2-1/2

[Event "FIDE World Junior U20-ch Girls 2025"]
[Site "Petrovac"]
[Date "2025.03.01"]
[Round "5.1"]
[White "Nurman, Alua"]
[Black "Omonova, Umida"]
[Result "0-1"]
[Annotator "ChessBase"]
[ECO "B40"]
[WhiteElo "2336"]
[BlackElo "2228"]
[PlyCount "94"]
[EventDate "2025.02.23"]
[EventType "swiss"]
[EventCountry "MNE"]
[SourceTitle "playchess.com"]
[Source "ChessBase"]
[SourceQuality "1"]
[TimeControl "40/5400+30:1800+30"]

1. e4 c5 2. Nf3 e6 3. d4 cxd4 4. Nxd4 Nf6 5. Nc3 Nc6 6. Bf4 Bb4 7. Ndb5 Nxe4 8. Qf3 d5 9. Nc7+ Kf8 10. O-O-O Bxc3 11. bxc3 Qe7 12. c4 Nb4 13. a3 Na2+ 14. Kb2 Nac3 15. Rd3 Na4+ 16. Ka1 Nac5 17. Re3 Qf6+ 18. Ka2 Na4 19. c3 Bd7 20. Nxa8 Naxc3+ 21. Rxc3 Nxc3+ 22. Kb3 Ne4 23. Ka2 Nc3+ 24. Kb3 Ne4 25. Ka2 Ba4 26. Bg3 Qd4 27. Qd3 Qxd3 28. Bxd3 Nxg3 29. hxg3 Ke7 30. cxd5 Rxa8 31. dxe6 Rd8 32. Bc4 Rd2+ 33. Kb1 fxe6 34. Rxh7 Kf7 35. Rh4 Bc2+ 36. Kc1 Rxf2 37. Rd4 Ke7 38. Bb5 a6 39. Rd7+ Kf6 40. Bc4 Be4 41. Rd2 Rxd2 42. Kxd2 Bxg2 43. Ke3 Ke5 44. Bb3 b5 45. Bc2 a5 46. Bd3 b4 47. axb4 axb4 0-1

[Event "FIDE World Junior U20-ch Girls 2025"]
[Site "Petrovac"]
[Date "2025.03.01"]
[Round "5.2"]
[White "Allahverdiyeva, Ayan"]
[Black "Kairbekova, Amina"]
[Result "1-0"]
[Annotator "ChessBase"]
[ECO "D35"]
[WhiteElo "2284"]
[BlackElo "2336"]
[PlyCount "89"]
[EventDate "2025.02.23"]
[EventType "swiss"]
[EventCountry "MNE"]
[SourceTitle "playchess.com"]
[Source "ChessBase"]
[SourceQuality "1"]
[TimeControl "40/5400+30:1800+30"]

1. d4 Nf6 2. c4 e6 3. Nc3 d5 4. cxd5 exd5 5. Bf4 Bd6 6. Be5 c6 7. h3 O-O 8. Nf3 Ne4 9. e3 Bb4 10. Qb3 Qa5 11. Rc1 Nd7 12. Bd3 Re8 13. Bf4 Ndf6 14. O-O Bf5 15. Rfd1 h6 16. a3 Bxc3 17. bxc3 Qb6 18. Qc2 Qa5 19. a4 Rad8 20. Ne5 Be6 21. c4 Nh5 22. Bh2 f6 23. Nf3 f5 24. cxd5 Bxd5 25. Ne5 Nhf6 26. Rb1 Re7 27. f3 Nd6 28. Re1 Be6 29. Ng6 Rf7 30. Nf4 Bc8 31. e4 fxe4 32. fxe4 Nfe8 33. e5 Nf5 34. e6 Rf6 35. Re5 Nxd4 36. Rxa5 Nxc2 37. Bxc2 Rd2 38. Bg6 Nd6 39. e7 a6 40. Re5 Bd7 41. e8=Q+ Bxe8 42. Bxe8 g5 43. Ne2 Nc4 44. Re4 b5 45. Bh5 1-0

[Event "FIDE World Junior U20-ch Girls 2025"]
[Site "Petrovac"]
[Date "2025.03.01"]
[Round "5.3"]
[White "Hrebenshchykova, Yelyzaveta"]
[Black "Velpula Sarayu"]
[Result "1/2-1/2"]
[Annotator "ChessBase"]
[ECO "D37"]
[WhiteElo "2259"]
[BlackElo "2315"]
[PlyCount "35"]
[EventDate "2025.02.23"]
[EventType "swiss"]
[EventCountry "MNE"]
[SourceTitle "playchess.com"]
[Source "ChessBase"]
[SourceQuality "1"]
[TimeControl "40/5400+30:1800+30"]

1. d4 Nf6 2. c4 e6 3. Nf3 d5 4. Nc3 Nbd7 5. e3 Bb4 6. Bd2 O-O 7. cxd5 exd5 8. Bd3 Re8 9. O-O c6 10. Qc2 Bd6 11. h3 Qe7 12. Nh4 g6 13. f4 Ne4 14. Bxe4 dxe4 15. Be1 Nb6 16. g4 c5 17. dxc5 Bxc5 18. Ng2 1/2-1/2

[Event "FIDE World Junior U20-ch Girls 2025"]
[Site "Petrovac"]
[Date "2025.03.01"]
[Round "5.4"]
[White "Mgeladze, Kesaria"]
[Black "Zhurova, Anna"]
[Result "1-0"]
[Annotator "ChessBase"]
[ECO "C19"]
[WhiteElo "2219"]
[BlackElo "2307"]
[PlyCount "79"]
[EventDate "2025.02.23"]
[EventType "swiss"]
[EventCountry "MNE"]
[SourceTitle "playchess.com"]
[Source "ChessBase"]
[SourceQuality "1"]
[TimeControl "40/5400+30:1800+30"]

1. e4 e6 2. d4 d5 3. Nc3 Bb4 4. e5 Ne7 5. a3 Bxc3+ 6. bxc3 c5 7. Qg4 O-O 8. Bd3 f5 9. exf6 Rxf6 10. Bg5 Rf7 11. Qh5 g6 12. Qd1 Nbc6 13. Nf3 Qa5 14. Bd2 c4 15. Be2 Bd7 16. O-O Re8 17. h4 Nf5 18. h5 gxh5 19. Ng5 Rg7 20. Bxh5 Rf8 21. Re1 Rf6 22. Nf3 Nd6 23. Ne5 Ne4 24. Ng4 Rf8 25. Bh6 Qxc3 26. Bxg7 Kxg7 27. Qc1 Qxd4 28. Qh6+ Kg8 29. Rad1 Qg7 30. Rxe4 Qxh6 31. Nxh6+ Kg7 32. Rh4 Kxh6 33. Be8+ Kg5 34. Rh5+ Kf6 35. Bxd7 Ne5 36. Rxh7 Nf7 37. Re1 e5 38. Bg4 d4 39. Bh5 Nd8 40. Rc7 1-0

[Event "FIDE World Junior U20-ch Girls 2025"]
[Site "Petrovac"]
[Date "2025.03.01"]
[Round "5.5"]
[White "Lu, Miaoyi"]
[Black "Yakimova, Mariya"]
[Result "1/2-1/2"]
[Annotator "ChessBase"]
[ECO "B31"]
[WhiteElo "2432"]
[BlackElo "2201"]
[PlyCount "57"]
[EventDate "2025.02.23"]
[EventType "swiss"]
[EventCountry "MNE"]
[SourceTitle "playchess.com"]
[Source "ChessBase"]
[SourceQuality "1"]
[TimeControl "40/5400+30:1800+30"]

1. e4 c5 2. Nf3 Nc6 3. Bb5 g6 4. O-O Bg7 5. Re1 e5 6. Bxc6 dxc6 7. a4 Qe7 8. Na3 Nh6 9. Nc4 f6 10. d3 Be6 11. a5 Nf7 12. Be3 O-O 13. Nfd2 Bh6 14. Bxh6 Nxh6 15. Qe2 Kg7 16. Qe3 Ng4 17. Qg3 Qc7 18. Rf1 b5 19. Ne3 Nxe3 20. Qxe3 Qd6 21. c4 bxc4 22. Nxc4 Bxc4 23. dxc4 Rfd8 24. a6 Rab8 25. b3 Qd4 26. Qh3 Qd7 27. Qe3 Qd4 28. Qh3 Qd7 29. Qe3 1/2-1/2

[Event "FIDE World Junior U20-ch Girls 2025"]
[Site "Petrovac"]
[Date "2025.03.01"]
[Round "5.6"]
[White "Balabayeva, Xeniya"]
[Black "Gaal, Zsoka"]
[Result "1/2-1/2"]
[Annotator "ChessBase"]
[ECO "E17"]
[WhiteElo "2264"]
[BlackElo "2404"]
[PlyCount "64"]
[EventDate "2025.02.23"]
[EventType "swiss"]
[EventCountry "MNE"]
[SourceTitle "playchess.com"]
[Source "ChessBase"]
[SourceQuality "1"]
[TimeControl "40/5400+30:1800+30"]

1. d4 Nf6 2. Nf3 b6 3. g3 Bb7 4. Bg2 e6 5. O-O Be7 6. c4 O-O 7. b3 a5 8. Nc3 Ne4 9. Bb2 d6 10. Qc2 Nxc3 11. Bxc3 f5 12. d5 e5 13. Nxe5 dxe5 14. d6 Bxg2 15. dxe7 Qxe7 16. Kxg2 Nc6 17. Rad1 Rae8 18. Rd5 Nd4 19. Bxd4 exd4 20. Rxf5 Rxf5 21. Qxf5 Qxe2 22. Qd5+ Kf8 23. Qxd4 Qxa2 24. Qd3 h6 25. Rd1 Qe2 26. Qf5+ Kg8 27. Rd7 Re7 28. Rd8+ Re8 29. Rd7 Re7 30. Qd5+ Kh7 31. Qf5+ Kg8 32. Rd4 Re8 1/2-1/2

[Event "FIDE World Junior U20-ch Girls 2025"]
[Site "Petrovac"]
[Date "2025.03.01"]
[Round "5.7"]
[White "Song, Yuxin"]
[Black "Nurgaliyeva, Zarina"]
[Result "1/2-1/2"]
[Annotator "ChessBase"]
[ECO "A13"]
[WhiteElo "2381"]
[BlackElo "2265"]
[PlyCount "96"]
[EventDate "2025.02.23"]
[EventType "swiss"]
[EventCountry "MNE"]
[SourceTitle "playchess.com"]
[Source "ChessBase"]
[SourceQuality "1"]
[TimeControl "40/5400+30:1800+30"]

1. Nf3 d5 2. c4 e6 3. g3 Nf6 4. Bg2 dxc4 5. O-O Be7 6. Qa4+ Bd7 7. Qxc4 c5 8. d4 Qc8 9. dxc5 Qxc5 10. Qxc5 Bxc5 11. Ne5 Nc6 12. Nxd7 Kxd7 13. Nc3 Rhd8 14. Na4 Bd6 15. Be3 Ke7 16. Bxc6 bxc6 17. Rac1 Rdc8 18. Bg5 Rab8 19. Rfd1 h6 20. Bxf6+ gxf6 21. Rc4 Rb5 22. Rdc1 Kd7 23. b3 Bb4 24. Rd1+ Ke7 25. Rdd4 a5 26. Nb2 h5 27. Nd3 Bd6 28. Kg2 Bb8 29. Rc2 Bd6 30. Kh3 Rb6 31. Rh4 Rb5 32. Kg2 Kd7 33. Kh3 Ke7 34. Rhc4 Kd7 35. Nb2 Bb4 36. Na4 Kd6 37. Kh4 Rc7 38. Nb2 Rc8 39. Nd3 Rc7 40. h3 Rc8 41. a4 Rbb8 42. Nxb4 Rxb4 43. Rxb4 axb4 44. Kxh5 Rh8+ 45. Kg4 f5+ 46. Kf4 Rxh3 47. Rd2+ Kc7 48. Ke5 c5 1/2-1/2

[Event "FIDE World Junior U20-ch Girls 2025"]
[Site "Petrovac"]
[Date "2025.03.01"]
[Round "5.8"]
[White "Kurmangaliyeva, Liya"]
[Black "Zhapova, Yana"]
[Result "0-1"]
[Annotator "NA RC"]
[ECO "C50"]
[WhiteElo "2251"]
[BlackElo "2234"]
[PlyCount "116"]
[EventDate "2025.02.23"]
[EventType "swiss"]
[EventCountry "MNE"]
[SourceTitle "playchess.com"]
[Source "ChessBase"]
[SourceQuality "1"]
[TimeControl "40/5400+30:1800+30"]

1. e4 e5 2. Nf3 Nc6 3. Bc4 Bc5 4. d3 Nf6 5. Nc3 a6 6. a4 h6 7. Be3 d6 8. Bxc5 dxc5 9. h3 Qd6 10. Nd2 Be6 11. Ne2 O-O-O 12. Ng3 Kb8 13. Qb1 Nb4 14. O-O h5 15. Nf5 Bxf5 16. exf5 Qd7 17. Nb3 Qxf5 18. Nxc5 Nfd5 19. Bxd5 Rxd5 20. Ne4 Qg6 21. a5 Qc6 22. Nc3 Rc5 23. Re1 f5 24. Qd1 Rd8 25. Qe2 g5 26. Rec1 g4 27. h4 Qf6 28. Na4 Rxa5 29. Qd2 Qe7 30. Re1 Rad5 31. Nc3 R5d7 32. Ra4 c5 33. Qe3 Re8 34. Re2 Nc6 35. Rd2 Nd4 36. Qh6 Qxh4 37. Qb6 g3 38. fxg3 Qxg3 39. Rf2 Re6 40. Qxc5 Rc6 41. Qf8+ Rc8 42. Qf6 Qe3 43. Ra1 Nxc2 44. Qxf5 Rg7 45. Rb1 Rcg8 46. Kf1 Qc5 47. Nd1 h4 48. Qh5 Nb4 49. Qf5 Rg5 50. Qh7 h3 51. Qxh3 Rg3 52. Qd7 Rxd3 53. Qe6 Rdd8 54. Nc3 Nd3 55. Rf5 Rge8 56. Qg6 Nf4 57. Qg3 Qc4+ 58. Kg1 Rd2 0-1

[Event "FIDE World Junior U20-ch Girls 2025"]
[Site "Petrovac"]
[Date "2025.03.01"]
[Round "5.10"]
[White "Shukhman, Anna"]
[Black "Khuslen, Erdenebayar"]
[Result "1-0"]
[Annotator "ChessBase"]
[ECO "B46"]
[WhiteElo "2365"]
[BlackElo "2201"]
[PlyCount "85"]
[EventDate "2025.02.23"]
[EventType "swiss"]
[EventCountry "MNE"]
[SourceTitle "playchess.com"]
[Source "ChessBase"]
[SourceQuality "1"]
[TimeControl "40/5400+30:1800+30"]

1. e4 c5 2. Nf3 e6 3. d4 cxd4 4. Nxd4 Nc6 5. Nc3 a6 6. g4 Nge7 7. Be3 b5 8. Nb3 Na5 9. f4 Bb7 10. Nc5 Bc6 11. Qd4 Ng6 12. O-O-O d6 13. Nxa6 Rxa6 14. Nxb5 Ra8 15. b4 Nb7 16. Qc3 Qd7 17. Na7 Rxa7 18. Bxa7 Bxe4 19. Rg1 Be7 20. f5 exf5 21. gxf5 Qxf5 22. Bh3 Qf4+ 23. Be3 Qxh2 24. Qc8+ Nd8 25. Bd7+ Kf8 26. Ba4 Qh4 27. Qd7 Kg8 28. Rg4 Bc6 29. Bxc6 Nf8 30. Qf5 Qh2 31. Rh1 Qe2 32. Qf3 Qa6 33. Bd4 Nfe6 34. b5 Qxa2 35. Bd5 Qa5 36. Rxg7+ Nxg7 37. Rg1 Bg5+ 38. Rxg5 Qe1+ 39. Qd1 Qb4 40. Bxg7 Qf4+ 41. Qd2 Qf1+ 42. Kb2 h6 43. Bxh6+ 1-0

[Event "FIDE World Junior U20-ch Girls 2025"]
[Site "Petrovac"]
[Date "2025.03.01"]
[Round "5.11"]
[White "Smietanska, Wiktoria"]
[Black "Khamdamova, Afruza"]
[Result "1/2-1/2"]
[Annotator "RC"]
[ECO "C95"]
[WhiteElo "2170"]
[BlackElo "2354"]
[PlyCount "160"]
[EventDate "2025.02.23"]
[EventType "swiss"]
[EventCountry "MNE"]
[SourceTitle "playchess.com"]
[Source "ChessBase"]
[SourceQuality "1"]
[TimeControl "40/5400+30:1800+30"]

1. e4 e5 2. Nf3 Nc6 3. Bb5 a6 4. Ba4 Nf6 5. O-O Be7 6. Re1 b5 7. Bb3 d6 8. c3 O-O 9. h3 Nb8 10. d4 Nbd7 11. Nbd2 Bb7 12. Bc2 Re8 13. Nf1 Bf8 14. Ng3 a5 15. a4 b4 16. cxb4 axb4 17. b3 g6 18. Bb2 Bh6 19. Qe2 exd4 20. Nxd4 d5 21. Nb5 Bf4 22. Qf3 Be5 23. Bxe5 Nxe5 24. Qf4 c6 25. Nd4 c5 26. Nf3 Nxf3+ 27. Qxf3 d4 28. Bd3 Nd7 29. Bb5 Re6 30. Qe2 Nf6 31. Qc2 Qd6 32. Rac1 Rc8 33. Bd3 Qf4 34. Ne2 Qb8 35. f3 Nh5 36. Qd2 Kg7 37. Rc2 Qd6 38. Rec1 f5 39. exf5 Re3 40. a5 Nf6 41. a6 Ba8 42. Bb5 Be4 43. Ra2 Bxf5 44. a7 Ra8 45. Nxd4 Qxd4 46. Qxd4 cxd4 47. Rc7+ Kh6 48. Bc6 Rxa7 49. Rcxa7 Rxb3 50. Rd2 Rc3 51. Be4 Nxe4 52. fxe4 Bxe4 53. Rxd4 b3 54. Rxe4 b2 55. Rb7 Rc1+ 56. Kh2 b1=Q 57. Rh4+ Kg5 58. Rxb1 Rxb1 59. Rxh7 Rb3 60. Rc7 Ra3 61. Rc5+ Kf6 62. h4 Rb3 63. g3 Ra3 64. Kh3 Ra4 65. Rc6+ Kg7 66. Rc3 Rb4 67. g4 Ra4 68. Kg3 Rb4 69. Rc7+ Kg8 70. Kf3 Kf8 71. Rc3 Kg7 72. Re3 Kf6 73. Re4 Rb1 74. g5+ Kf7 75. Rf4+ Kg7 76. Ra4 Rb7 77. Kg4 Rc7 78. h5 gxh5+ 79. Kxh5 Rb7 80. Ra6 Rc7 1/2-1/2

[Event "FIDE World Junior U20-ch Girls 2025"]
[Site "Petrovac"]
[Date "2025.03.01"]
[Round "5.13"]
[White "Toncheva, Nadya"]
[Black "Ter-Avetisjana, Agnesa Stepania"]
[Result "1-0"]
[Annotator "ChessBase"]
[ECO "D47"]
[WhiteElo "2311"]
[BlackElo "2133"]
[PlyCount "89"]
[EventDate "2025.02.23"]
[EventType "swiss"]
[EventCountry "MNE"]
[SourceTitle "playchess.com"]
[Source "ChessBase"]
[SourceQuality "1"]
[TimeControl "40/5400+30:1800+30"]

1. d4 d5 2. c4 c6 3. Nc3 Nf6 4. e3 e6 5. Nf3 Nbd7 6. Bd3 dxc4 7. Bxc4 b5 8. Bd3 b4 9. Ne4 Nxe4 10. Bxe4 Bb7 11. O-O Be7 12. a3 a5 13. Qc2 Qb6 14. axb4 axb4 15. Rxa8+ Bxa8 16. Nd2 Nf6 17. Bd3 c5 18. dxc5 Qxc5 19. Qxc5 Bxc5 20. Nb3 Bd6 21. Bd2 Ne4 22. Ra1 Ke7 23. Rxa8 Rg8 24. Rb8 Rxb8 25. Bxe4 Ra8 26. Bc1 Ra2 27. Bc2 Be5 28. Bb1 Ra7 29. Kf1 f5 30. e4 f4 31. Ke2 g5 32. Bd3 Bxb2 33. Bxb2 Ra2 34. Nd2 Rxb2 35. Bb1 Kf6 36. Kd1 Rxb1+ 37. Nxb1 Ke5 38. Nd2 g4 39. Kc2 Kd4 40. Nb3+ Kxe4 41. Nc5+ Kf5 42. f3 h5 43. Kb3 e5 44. Ne4 h4 45. h3 1-0